[ AOE2 MATCH · #508001155 ]
UnrankedJapanese vs Hindustanis
Player's team · WIN
[ REPLAY ANALYSIS · EXTRACTED FROM THE RECORDED GAME ]
Feudal
8:50
Castle
—
Imperial
—
| APM avg | 95.5 |
| APM peak | 143 |
| eAPM avg | 41.8 |
| Villagers / military | 72 / 22 |
Focus
⚔️ 47.7% · 🌾 52.3%
Archer ×13 · Militia ×5 · Skirmisher ×4
Feudal
10:24
Castle
—
Imperial
—
| APM avg | 72.0 |
| APM peak | 117 |
| eAPM avg | 34.2 |
| Villagers / military | 53 / 9 |
Focus
⚔️ 31.7% · 🌾 68.3%
Militia ×5 · Archer ×3 · Skirmisher ×1
Match map
Initial resources + every placement click. Lines = walls · curves = elevation contours. ◆ gold · ⬟ stone · ● berries · ✦ relic · ◌ wall gap
Your base· ✓ Closed at 12:00 · 3t walls · 3 gate(s)
Im_16Years_Old_IamCaPte's base· ✓ Closed at 12:00 · 6t walls · 5 gate(s)
Smoothed initial terrain · ◌ = detected wall gap · hover for details
Inputs per minute
— MegaFish - - Im_16Years_Old_IamCaPte
Build order — MegaFish
149 actions detected in the replay
| 0:00 | Queue | Villager (Male) |
| 0:00 | Queue | Villager (Male) |
| 0:01 | Queue | Villager (Male) |
| 0:01 | Queue | Villager (Male) |
| 0:02 | Build | House |
| 0:03 | Build | House |
| 0:04 | Build | House |
| 1:19 | Queue | Villager (Male) |
| 1:19 | Queue | Villager (Male) |
| 1:59 | Build | Lumber Camp |
| 2:00 | Queue | Villager (Male) |
| 2:06 | Queue | Villager (Male) |
| 2:06 | Queue | Villager (Male) |
| 2:06 | Queue | Villager (Male) |
| 2:38 | Queue | Villager (Male) |
| 2:38 | Queue | Villager (Male) |
| 2:56 | Queue | Villager (Male) |
| 2:56 | Queue | Villager (Male) |
| 3:13 | Queue | Villager (Male) |
| 3:34 | Queue | Villager (Male) |
| 3:35 | Queue | Villager (Male) |
| 3:57 | Build | House |
| 3:58 | Build | House |
| 4:06 | Queue | Villager (Male) |
| 4:06 | Queue | Villager (Male) |
| 4:27 | Queue | Villager (Male) |
| 4:27 | Queue | Villager (Male) |
| 4:57 | Build | Mining Camp |
| 5:01 | Queue | Villager (Male) |
| 5:12 | Research | Loom |
| 6:00 | Build | Barracks |
| 6:37 | Research | Feudal Age |
| 6:55 | Build | Mining Camp |
| 7:04 | Queue | Militia |
| 7:04 | Queue | Militia |
| 7:04 | Queue | Militia |
| 7:04 | Queue | Militia |
| 7:42 | Queue | Militia |
| 8:03 | Queue | Villager (Male) |
| 8:26 | Build | House |
| 8:27 | Build | House |
| 8:35 | Queue | Villager (Male) |
| 8:50 | Age | Feudal Age |
| 8:54 | Research | Man-at-Arms (upgrade) |
| 8:54 | Research | Man-at-Arms (upgrade) |
| 9:03 | Build | House |
| 9:11 | Build | Watch Tower |
| 9:33 | Queue | Villager (Male) |
| 9:33 | Queue | Villager (Male) |
| 9:33 | Queue | Villager (Male) |
| 9:48 | Build | Archery Range |
| 10:17 | Build | Watch Tower |
| 10:21 | Queue | Villager (Male) |
| 10:21 | Queue | Villager (Male) |
| 10:21 | Queue | Villager (Male) |
| 10:37 | Build | Watch Tower |
| 10:47 | Queue | Villager (Male) |
| 10:47 | Queue | Villager (Male) |
| 10:48 | Queue | Archer |
| 10:48 | Queue | Archer |
| 10:48 | Queue | Archer |
| 11:05 | Build | Palisade Wall |
| 11:19 | Queue | Villager (Male) |
| 11:19 | Queue | Villager (Male) |
| 11:23 | Build | House |
| 12:02 | Queue | Villager (Male) |
| 12:02 | Queue | Villager (Male) |
| 12:26 | Queue | Villager (Male) |
| 12:29 | Build | Mill |
| 12:43 | Queue | Archer |
| 12:44 | Queue | Archer |
| 12:51 | Queue | Villager (Male) |
| 12:51 | Queue | Villager (Male) |
| 12:51 | Queue | Villager (Male) |
| 13:00 | Build | Watch Tower |
| 13:06 | Build | Farm |
| 13:06 | Build | Farm |
| 13:06 | Build | Farm |
| 13:06 | Build | Farm |
| 13:43 | Queue | Villager (Male) |
| 13:43 | Queue | Villager (Male) |
| 13:44 | Queue | Villager (Male) |
| 13:45 | Build | Farm |
| 13:45 | Build | Farm |
| 13:45 | Build | Farm |
| 13:45 | Build | Farm |
| 13:45 | Build | Farm |
| 14:08 | Build | Watch Tower |
| 14:19 | Queue | Villager (Male) |
| 14:19 | Queue | Villager (Male) |
| 14:33 | Queue | Archer |
| 14:33 | Queue | Archer |
| 14:33 | Queue | Archer |
| 14:42 | Queue | Villager (Male) |
| 14:43 | Queue | Villager (Male) |
| 14:43 | Queue | Villager (Male) |
| 15:03 | Queue | Villager (Male) |
| 15:17 | Build | Watch Tower |
| 15:19 | Queue | Villager (Male) |
| 15:20 | Queue | Villager (Male) |
| 15:46 | Queue | Villager (Male) |
| 15:55 | Queue | Villager (Male) |
| 16:04 | Queue | Villager (Male) |
| 16:45 | Queue | Archer |
| 16:45 | Queue | Archer |
| 16:45 | Queue | Archer |
| 16:46 | Queue | Villager (Male) |
| 16:47 | Queue | Villager (Male) |
| 16:47 | Queue | Villager (Male) |
| 16:47 | Queue | Villager (Male) |
| 17:00 | Build | Farm |
| 17:00 | Build | Farm |
| 17:01 | Build | Farm |
| 17:01 | Build | Farm |
| 17:11 | Queue | Villager (Male) |
| 17:15 | Build | House |
| 17:23 | Build | Blacksmith |
| 17:24 | Build | Palisade Wall |
| 17:25 | Build | Palisade Wall |
| 17:25 | Build | Palisade Wall |
| 17:30 | Research | Double-Bit Axe |
| 17:30 | Research | Double-Bit Axe |
| 17:36 | Queue | Skirmisher |
| 17:45 | Queue | Villager (Male) |
| 18:06 | Research | Fletching |
| 18:06 | Research | Fletching |
| 18:06 | Research | Fletching |
| 18:17 | Build | Farm |
| 18:29 | Queue | Skirmisher |
| 18:29 | Queue | Skirmisher |
| 18:30 | Queue | Skirmisher |
| 18:32 | Queue | Villager (Male) |
| 18:33 | Queue | Villager (Male) |
| 18:33 | Queue | Villager (Male) |
| 18:34 | Queue | Archer |
| 18:34 | Queue | Archer |
| 18:44 | Queue | Villager (Male) |
| 18:44 | Queue | Villager (Male) |
| 19:08 | Queue | Villager (Male) |
| 19:08 | Queue | Villager (Male) |
| 19:16 | Queue | Villager (Male) |
| 19:18 | Build | Farm |
| 19:35 | Queue | Villager (Male) |
| 19:45 | Queue | Villager (Male) |
| 19:45 | Queue | Villager (Male) |
| 19:52 | Queue | Villager (Male) |
| 19:54 | Build | Farm |
| 19:54 | Build | Farm |
| 19:54 | Build | Farm |
Build order — Im_16Years_Old_IamCaPte
124 actions detected in the replay
| 0:00 | Queue | Villager (Male) |
| 0:00 | Queue | Villager (Male) |
| 0:00 | Queue | Villager (Male) |
| 0:00 | Queue | Villager (Male) |
| 0:02 | Build | House |
| 0:03 | Build | House |
| 1:23 | Queue | Villager (Male) |
| 1:24 | Queue | Villager (Male) |
| 1:37 | Queue | Villager (Male) |
| 2:18 | Queue | Villager (Male) |
| 2:19 | Queue | Villager (Male) |
| 2:19 | Queue | Villager (Male) |
| 2:19 | Queue | Villager (Male) |
| 2:40 | Build | Lumber Camp |
| 2:44 | Queue | Villager (Male) |
| 2:44 | Queue | Villager (Male) |
| 3:05 | Build | House |
| 3:18 | Queue | Villager (Male) |
| 3:18 | Queue | Villager (Male) |
| 3:50 | Queue | Villager (Male) |
| 3:50 | Queue | Villager (Male) |
| 3:50 | Queue | Villager (Male) |
| 4:26 | Queue | Villager (Male) |
| 4:26 | Queue | Villager (Male) |
| 4:37 | Queue | Villager (Male) |
| 4:37 | Queue | Villager (Male) |
| 4:37 | Queue | Villager (Male) |
| 4:49 | Build | Mill |
| 4:54 | Queue | Villager (Male) |
| 4:55 | Queue | Villager (Male) |
| 5:42 | Queue | Villager (Male) |
| 5:49 | Build | House |
| 6:14 | Queue | Villager (Male) |
| 6:37 | Queue | Villager (Male) |
| 6:44 | Build | Mining Camp |
| 6:56 | Build | House |
| 7:03 | Queue | Villager (Male) |
| 7:20 | Build | Palisade Wall |
| 7:21 | Build | Palisade Wall |
| 7:27 | Build | House |
| 7:31 | Build | House |
| 7:33 | Build | House |
| 7:36 | Build | House |
| 7:37 | Build | Palisade Wall |
| 7:47 | Queue | Villager (Male) |
| 7:49 | Research | Loom |
| 7:56 | Build | House |
| 7:59 | Build | House |
| 8:12 | Research | Feudal Age |
| 8:12 | Research | Feudal Age |
| 8:12 | Research | Feudal Age |
| 8:19 | Build | House |
| 8:20 | Build | House |
| 8:30 | Build | House |
| 9:09 | Build | Barracks |
| 9:27 | Build | House |
| 9:32 | Build | Barracks |
| 9:38 | Queue | Villager (Male) |
| 9:44 | Build | House |
| 9:50 | Build | Palisade Gate |
| 9:55 | Build | Palisade Wall |
| 9:57 | Build | House |
| 10:01 | Build | House |
| 10:07 | Build | House |
| 10:11 | Build | Palisade Wall |
| 10:12 | Build | Palisade Wall |
| 10:14 | Queue | Militia |
| 10:14 | Queue | Militia |
| 10:14 | Queue | Militia |
| 10:22 | Queue | Villager (Male) |
| 10:22 | Queue | Villager (Male) |
| 10:24 | Age | Feudal Age |
| 10:32 | Queue | Militia |
| 10:33 | Queue | Militia |
| 10:51 | Build | Watch Tower |
| 10:58 | Build | Watch Tower |
| 12:24 | Queue | Villager (Male) |
| 12:24 | Queue | Villager (Male) |
| 12:25 | Queue | Villager (Male) |
| 12:25 | Queue | Villager (Male) |
| 12:37 | Build | Archery Range |
| 13:15 | Queue | Villager (Male) |
| 13:15 | Queue | Villager (Male) |
| 13:15 | Queue | Villager (Male) |
| 13:25 | Build | House |
| 13:32 | Build | House |
| 13:32 | Build | House |
| 13:40 | Build | House |
| 13:44 | Build | Palisade Wall |
| 13:48 | Queue | Archer |
| 13:58 | Build | Blacksmith |
| 14:07 | Queue | Villager (Male) |
| 14:07 | Queue | Villager (Male) |
| 14:07 | Queue | Villager (Male) |
| 14:12 | Queue | Skirmisher |
| 14:36 | Build | House |
| 14:40 | Build | House |
| 14:49 | Queue | Villager (Male) |
| 14:49 | Queue | Villager (Male) |
| 15:22 | Build | House |
| 16:01 | Build | Palisade Wall |
| 16:02 | Build | Palisade Wall |
| 16:06 | Queue | Villager (Male) |
| 16:06 | Queue | Villager (Male) |
| 16:10 | Build | House |
| 16:28 | Build | Palisade Gate |
| 16:33 | Build | Palisade Wall |
| 16:46 | Build | Farm |
| 16:46 | Build | Farm |
| 16:47 | Build | Farm |
| 16:57 | Build | House |
| 17:20 | Build | Farm |
| 17:30 | Queue | Archer |
| 17:33 | Build | House |
| 17:47 | Queue | Archer |
| 17:57 | Queue | Villager (Male) |
| 17:57 | Queue | Villager (Male) |
| 18:00 | Build | Farm |
| 18:35 | Queue | Villager (Male) |
| 18:35 | Queue | Villager (Male) |
| 19:10 | Queue | Villager (Male) |
| 19:10 | Queue | Villager (Male) |
| 19:19 | Build | Gate |
| 19:22 | Build | Palisade Wall |
Match timeline
| 6:00 | MegaFish · first_building Barracks |
| 7:20 | Im_16Years_Old_IamCaPte · wall_segment Palisade Wall x1 |
| 7:21 | Im_16Years_Old_IamCaPte · wall_segment Palisade Wall x1 |
| 7:37 | Im_16Years_Old_IamCaPte · wall_segment Palisade Wall x1 |
| 8:50 | MegaFish · age_up feudal |
| 9:09 | Im_16Years_Old_IamCaPte · first_building Barracks |
| 9:48 | MegaFish · first_building Archery Range |
| 9:55 | Im_16Years_Old_IamCaPte · wall_segment Palisade Wall x1 |
| 10:11 | Im_16Years_Old_IamCaPte · wall_segment Palisade Wall x1 |
| 10:12 | Im_16Years_Old_IamCaPte · wall_segment Palisade Wall x1 |
| 10:24 | Im_16Years_Old_IamCaPte · age_up feudal |
| 11:05 | MegaFish · wall_segment Palisade Wall x3 |
| 12:37 | Im_16Years_Old_IamCaPte · first_building Archery Range |
| 13:44 | Im_16Years_Old_IamCaPte · wall_segment Palisade Wall x1 |
| 16:01 | Im_16Years_Old_IamCaPte · wall_segment Palisade Wall x1 |
| 16:02 | Im_16Years_Old_IamCaPte · wall_segment Palisade Wall x1 |
| 16:33 | Im_16Years_Old_IamCaPte · wall_segment Palisade Wall x1 |
| 17:24 | MegaFish · wall_segment Palisade Wall x1 |
| 17:25 | MegaFish · wall_segment Palisade Wall x1 |
| 17:25 | MegaFish · wall_segment Palisade Wall x1 |
| 19:22 | Im_16Years_Old_IamCaPte · wall_segment Palisade Wall x1 |
| 19:55 | Im_16Years_Old_IamCaPte · resign |
[ AI ANALYSIS · 1 CREDIT ]
What really happened in this match?
Wolo.gg analyzes every decision: build order, eco, micro, common mistakes by bracket. Personalized analysis on WhatsApp or Discord in 30 seconds.
Civ guide
Japanese
Perfil
Jugador #8578467